 Dungeon Crawl Stone Soup version 0.26-a0-259-g1effd001a9 (webtiles) character file.

Game seed: 3206603950268623935

103 sanka the Digger (level 4, -1/32 HPs)
             Began as a Gnoll Earth Elementalist on July 18, 2020.
             Killed by nerve-wracking pain
             ... invoked by Grinder
              (5 damage)
             ... on level 4 of the Dungeon.
             The game lasted 00:03:14 (2117 turns).

sanka the Digger (Gnoll Earth Elementalist)         Turns: 2117, Time: 00:03:15

Health: -1/32      AC:  6    Str: 10    XL:     4   Next: 79%
Magic:  10/11      EV: 15    Int: 18    God:
Gold:   102        SH:  0    Dex: 16    Spells: 12/13 levels left

rFire    . . .     SeeInvis +   e - +0 spear
rCold    . . .     Faith    .   (no shield)
rNeg     . . .     Spirit   .   c - +0 robe
rPois    .         Reflect  .   (no helmet)
rElec    .         Harm     .   (no cloak)
rCorr    .                      (no gloves)
MR       .....                  (no boots)
Stlth    +++.......             (no amulet)
HPRegen  0.10/turn              h - +4 ring of protection
MPRegen  0.12/turn              i - ring of see invisible

@: lethally poisoned (-1 -> -4), slowed, very slow
A: distributed training, fangs 1, strong nose
a: no special abilities


You were on level 4 of the Dungeon.
You were not hungry.

You visited 1 branch of the dungeon, and saw 4 of its levels.

You collected 102 gold pieces.


Innate Abilities, Weirdness & Mutations

Your experience applies equally to all skills.
You have very sharp teeth.
Your uncanny sense of smell can sniff out nearby items.


   Skills:
 + Level 1.2 Fighting
 + Level 1.2 Short Blades
 + Level 1.2 Long Blades
 + Level 1.2 Axes
 + Level 1.2 Maces & Flails
 + Level 1.2 Polearms
 + Level 1.2 Staves
 + Level 1.2 Slings
 + Level 1.2 Bows
 + Level 1.2 Crossbows
 + Level 1.2 Throwing
 + Level 1.2 Armour
 + Level 4.7 Dodging
 + Level 4.3 Stealth
 + Level 1.2 Shields
 + Level 1.2 Unarmed Combat
 + Level 5.1 Spellcasting
 + Level 1.0 Conjurations
 + Level 1.0 Hexes
 + Level 1.0 Charms
 + Level 1.0 Summonings
 + Level 1.0 Necromancy
 + Level 1.0 Translocations
 + Level 2.3 Transmutations
 + Level 1.0 Fire Magic
 + Level 1.0 Ice Magic
 + Level 1.0 Air Magic
 + Level 5.5 Earth Magic
 + Level 1.0 Poison Magic
 + Level 1.3 Invocations
 + Level 1.2 Evocations


You had 12 spell levels left.
You knew the following spells:

 Your Spells              Type           Power        Failure   Level
z - Sandblast             Erth           ###...       1%          1

Your spell library contained the following spells:

 Spells                   Type           Power        Failure   Level
 Passwall                 Tmut/Erth      ###.....     4%          2
 Stone Arrow              Conj/Erth      ###...       11%         3
 Petrify                  Tmut/Erth      ###.....     26%         4
 Lee's Rapid Deconstruct  Erth           ###.......   36%         5

Inventory:

Hand Weapons
 e - a +0 spear (weapon)
Missiles
 b - 80 stones (quivered)
 o - 10 boomerangs
Armour
 c - a +0 robe (worn)
Jewellery
 h - a +4 ring of protection (left hand)
 i - a ring of see invisible (right hand)
 m - an uncursed ring of wizardry {unknown}
Wands
 q - a wand of paralysis (6)
Scrolls
 a - 5 scrolls of identify {unknown}
 k - 2 scrolls of blinking {unknown}
 l - a scroll of fog {unknown}
 n - a scroll of enchant armour {unknown}
 p - a scroll of teleportation {unknown}
 r - a scroll of immolation {unknown}
Potions
 f - a potion of heal wounds {unknown}
 g - a potion of ambrosia {unknown}
 j - a potion of degeneration {unknown}
Comestibles
 d - 7 rations

Dungeon Overview and Level Annotations

Branches:
Dungeon (4/15)
 Temple: D:4-7

Altars:
Ashenzari

Annotations:
D:4 Grinder .▒ .▒ .▒ .▒ .▒ .▒ ▒.▒▒▒▒.▒ ▒...5g.▒ ▒▒▒▒▒▒▒▒

You could see Grinder.


Message History

Level annotation: Grinder The goblin throws a curare-tipped dart.
The curare-tipped dart hits you.
You are poisoned.
You have difficulty breathing.
You feel yourself slow down. Grinder hits you.
There is a stone staircase leading down here.
You see here 3 curare-tipped darts {=f}.
Unknown command.
You feel sick. Grinder hits you!
* * * LOW HITPOINT WARNING * * *
You climb downwards.
* * * LOW HITPOINT WARNING * * *
You feel sick.
There is a stone staircase leading up here.
Unknown command.
Unknown command.
Aiming: Sandblast (safe; 1% risk of failure)
Aim: Grinder The blast of sand hits Grinder.
Grinder is lightly wounded.
b - 80 stones
* * * LOW HITPOINT WARNING * * *
You feel sick. Grinder barely misses you. Grinder gestures at you.
Pain shoots through your body!
You die...

Action                   |  1- 3 |  4- 6 || total
-------------------------+-------+-------++-------
Melee: Unarmed           |     7 |       ||     7
       Spear             |    69 |    53 ||   122
       Bite              |     5 |     4 ||     9
 Cast: Sandblast         |     6 |     4 ||    10
 Stab: Sleeping          |    10 |     6 ||    16
  Eat: Ration            |       |     1 ||     1
Armor: Robe              |    14 |     6 ||    20
Dodge: Dodged            |    40 |    35 ||    75

Levels and vault maps discovered:
D:1:      wander_arrival_estate, layout_loops_ring,
          chequers_serial_rivers_micro_e
D:2:      layout_basic, evilmike_ruin_ashenzari
D:3:      layout_basic, nicolae_tso_swordbearing_angel, first_ration,
          uniq_grinder, uniq_jessica
D:4:      layout_basic, elyvilon_altar_4, uniq_sigmund

Notes
Turn   | Place    | Note
-------+----------+-------------------------------------------
     0 | D:1      | sanka the Gnoll Earth Elementalist began the quest for the
                  | Orb.
     0 | D:1      | Reached XP level 1. HP: 13/13 MP: 6/6
    26 | D:1      | Reached skill level 2 in Transmutations
   124 | D:1      | Reached XP level 2. HP: 19/19 MP: 7/7
   678 | D:2      | Reached XP level 3. HP: 23/25 MP: 6/9
   718 | D:2      | Reached skill level 5 in Spellcasting
   937 | D:2      | Found a shattered altar of Ashenzari.
   970 | D:2      | Reached skill level 1 in Invocations
  1038 | D:2      | Reached skill level 1 in Fighting
  1038 | D:2      | Reached skill level 1 in Short Blades
  1038 | D:2      | Reached skill level 1 in Long Blades
  1038 | D:2      | Reached skill level 1 in Axes
  1038 | D:2      | Reached skill level 1 in Maces & Flails
  1038 | D:2      | Reached skill level 1 in Polearms
  1038 | D:2      | Reached skill level 1 in Staves
  1038 | D:2      | Reached skill level 1 in Slings
  1038 | D:2      | Reached skill level 1 in Bows
  1038 | D:2      | Reached skill level 1 in Crossbows
  1038 | D:2      | Reached skill level 1 in Throwing
  1038 | D:2      | Reached skill level 1 in Armour
  1038 | D:2      | Reached skill level 1 in Shields
  1038 | D:2      | Reached skill level 1 in Unarmed Combat
  1038 | D:2      | Reached skill level 1 in Evocations
  1038 | D:2      | Reached XP level 4. HP: 29/32 MP: 8/11
  1306 | D:3      | Noticed Jessica
  1313 | D:3      | Killed Jessica
  1433 | D:3      | Reached skill level 1 in Conjurations
  1433 | D:3      | Reached skill level 1 in Hexes
  1433 | D:3      | Reached skill level 1 in Charms
  1433 | D:3      | Reached skill level 1 in Summonings
  1433 | D:3      | Reached skill level 1 in Necromancy
  1433 | D:3      | Reached skill level 1 in Translocations
  1433 | D:3      | Reached skill level 1 in Fire Magic
  1433 | D:3      | Reached skill level 1 in Ice Magic
  1433 | D:3      | Reached skill level 1 in Air Magic
  1433 | D:3      | Reached skill level 1 in Poison Magic
  1757 | D:3      | Noticed Grinder
  2117 | D:4      | Killed from afar by Grinder

Vanquished Creatures
  Jessica (D:3)
  3 adders (D:2)
  An ooze (D:1)
  A worm (D:2)
  A dart slug (D:1)
  5 orcs (D:3)
  2 bats (D:1)
  A giant cockroach (D:1)
  6 goblins
  4 hobgoblins (D:2)
  A quokka (D:3)
  3 frilled lizards
  6 kobolds
  4 rats
39 creatures vanquished.

Vanquished Creatures (others)
  A frilled lizard (D:3)
1 creature vanquished.

Grand Total: 40 creatures vanquished
